 Dungeon Crawl Stone Soup version 0.16.1-30-g34a7ffa (webtiles) character file.

114 joy the Sneak (level 4, 0/21 HPs)
             Began as a Spriggan Enchanter on June 16, 2015.
             Killed by divine providence
             ... invoked by an orc priest
              (8 damage)
             ... on level 3 of the Dungeon.
             The game lasted 00:04:12 (2852 turns).

joy the Sneak (Spriggan Enchanter)                  Turns: 2852, Time: 00:04:13

Health: 0/21       AC:  3    Str:  4    XL:     4   Next: 67%
Magic:  10/12      EV: 19    Int: 16    God:
Gold:   107        SH:  0    Dex: 20    Spells: 2 memorised, 5 levels left

rFire  . . .     SeeInvis +     i - +0 short sword
rCold  . . .     Clarity  .     b - +1 robe
rNeg   . . .     SustAb   .     (shield restricted)
rPois  .         Gourm    .     (helmet restricted)
rElec  .         Spirit   .     (no cloak)
rCorr  .         Warding  .     (gloves unavailable)
rMut   .         Stasis   .     (boots unavailable)
MR     .....                    (no amulet)
Stlth  +++++.....               m - ring of stealth
                                s - +3 ring of dexterity

@: very slightly contaminated, very quick, not resistant to hostile
enchantments, quite stealthy
A: unfitting armour, see invisible, herbivore 3, speed 3, slow metabolism 2
a: no special abilities


You were on level 3 of the Dungeon.
You were not hungry.

You visited 1 branch of the dungeon, and saw 3 of its levels.

You collected 107 gold pieces.

Inventory:

Hand weapons
 a - a +1 dagger
 i - a +0 short sword (weapon)
 y - a +0 blowgun
Missiles
 n - 8 needles of sleeping
 x - 6 poisoned needles
Armour
 b - a +1 robe (worn)
Jewellery
 l - an uncursed ring of protection from cold
 m - a ring of stealth (right hand)
 s - a +3 ring of dexterity (left hand)
 w - an uncursed ring of ice {unknown}
Scrolls
 e - a scroll of enchant armour {unknown}
 f - 6 scrolls of identify {unknown}
 h - 2 scrolls of amnesia {unknown}
 j - a scroll of teleportation {unknown}
 k - a scroll of enchant weapon {unknown}
 p - a scroll of magic mapping {unknown}
 q - a scroll of recharging {unknown}
Potions
 g - a potion of agility {unknown}
 o - 2 potions of curing
 r - a potion of might {unknown}
 v - 2 potions of heal wounds {unknown}
Books
 c - a book of Maledictions

   Spells                             Type                      Level
   a - Corona                         Hexes                        1
   b - Sure Blade                     Hexes/Charms                 2
   c - Ensorcelled Hibernation        Hexes/Ice                    2
   d - Confuse                        Hexes                        3
   e - Dazzling Spray                 Conjuration/Hexes            3
   f - Enslavement                    Hexes                        4
Comestibles
 d - 2 bread rations
 t - a slice of pizza
 u - 3 fruits


   Skills:
 + Level 3.7 Short Blades
 - Level 3.0 Dodging
 + Level 6.6 Stealth
 - Level 2.6 Spellcasting
 - Level 3.6 Hexes


You had 5 spell levels left.
You knew the following spells:

 Your Spells              Type           Power        Failure   Level  Hunger
a - Corona                Hex            ##.....      6%          1    #......
b - Ensorcelled Hibernat  Hex/Ice        #.....       17%         2    ##.....


Dungeon Overview and Level Annotations

Branches:
Dungeon (3/15)

Altars:


Innate Abilities, Weirdness & Mutations

You are tiny and cannot use many weapons and most armour.
You have supernaturally acute eyesight.
You are a herbivore.
You cover ground extremely quickly.
You need consume almost no food.


Message History

You impale the orc!!
You kill the orc!
The orc shouts! x2
The orc priest shouts!
You hear a shout!
The orc priest hits you but does no damage.
Found a stone staircase leading down.
You hit the orc priest.
The orc priest is lightly wounded.
The orc priest hits you with a falchion.
Casting: Ensorcelled Hibernation
Confirm with . or Enter, or press ? or * to list all spells.
Aiming: Ensorcelled Hibernation
Press: ? - help, Shift-Dir - straight line, f - orc
Aim: an orc, wielding a mace and wearing a ring mail (chance 56%)
You miscast Ensorcelled Hibernation.
You are very lightly contaminated with residual magic.
Your skin tingles.
The orc hits you with a mace. The orc misses you.
The orc priest mumbles some strange prayers to Beogh against you.
Something smites you!
You die...

#....#.# #+# #....#.#
#.#
#......#########.###
###.###........#...
........######....##
###.##..# #.....# #
#.##..######....# #
#.........##.#.####.##>
#
####..###....o@or......
.
............#o####.###
# ##############o..
#####


You could see an orc priest, 3 orcs and a rat.

Vanquished Creatures
  Natasha (twice) (D:3)
  An adder (D:2)
  A giant mite (D:3)
  5 giant geckos
  An orc (D:3)
  2 ball pythons (D:2)
  4 giant cockroaches
  9 goblins
  10 hobgoblins
  A quokka (D:3)
  5 bats
  2 giant newts (D:2)
  9 kobolds
  6 rats
58 creatures vanquished.

Notes
Turn   | Place    | Note
--------------------------------------------------------------
     0 | D:1      | joy, the Spriggan Enchanter, began the quest for the Orb.
     0 | D:1      | Reached XP level 1. HP: 9/9 MP: 4/4
   116 | D:1      | Reached XP level 2. HP: 8/13 MP: 7/7
   120 | D:1      | Learned a level 2 spell: Ensorcelled Hibernation
   546 | D:1      | Reached skill level 5 in Stealth
  1342 | D:2      | Reached XP level 3. HP: 12/16 MP: 9/9
  1768 | D:2      | Reached skill level 6 in Stealth
  2102 | D:3      | Reached XP level 4. HP: 7/21 MP: 12/12
  2386 | D:3      | Noticed Natasha
  2391 | D:3      | Killed Natasha
  2526 | D:3      | Noticed Natasha
  2566 | D:3      | Killed Natasha
  2852 | D:3      | Killed from afar by an orc priest

Action                   |  1- 3 |  4- 6 || total
-------------------------+-------+-------++-------
Melee: Dagger            |    79 |       ||    79
       Short sword       |    97 |    32 ||   129
 Cast: Ensorcelled Hiber |     1 |     6 ||     7
  Use: Potion            |       |     1 ||     1
 Stab: Sleeping          |    12 |     6 ||    18
       Distracted        |     1 |       ||     1
